 Dungeon Crawl Stone Soup version 0.29.1-14-g9c671dbff4 (webtiles) character file.

Game seed: 2769630571730950651

138 growler the Ruffian (level 5, 0/40 HPs)
             Began as a Draconian Transmuter on Feb 19, 2023.
             Succumbed to a scorpion's poison
             ... on level 3 of the Dungeon.
             The game lasted 00:08:11 (2282 turns).

growler the Ruffian (Draconian Transmuter)          Turns: 2282, Time: 00:08:12

Health: 0/40       AC:  5    Str: 13    XL:     5   Next: 1%
Magic:  5/9        EV: 12    Int: 15    God:
Gold:   157        SH:  0    Dex: 11    Spells: 4/10 levels left

rFire   + . .      SeeInvis .     - Unarmed
rCold   . . .      Faith    .   (no shield)
rNeg    . . .      Spirit   +   (body armour unavailable)
rPois   .          Reflect  .   (helmet currently unavailable)
rElec   .          Harm     .   (no cloak)
rCorr   .          Rampage  .   (no gloves)
Will    .....                   (boots currently unavailable)
Stlth   +.........              j - amulet of guardian spirit
HPRegen 0.13/turn               e - ring of protection from fire
MPRegen 0.11/turn               (no ring)

@: lethally poisoned (0 -> -4), appendages, attractive
A: horns 2, talons 2, AC +5, unfitting armour, cold-blooded
a: End Transformation


You were on level 3 of the Dungeon.
You had temporarily grown beastly horns and talons.
You visited 1 branch of the dungeon, and saw 3 of its levels.

You collected 157 gold pieces.

Inventory:

Missiles
 i - 3 poisoned darts
Jewellery
 e - a ring of protection from fire (left hand)
 j - an amulet of guardian spirit (around neck)
Scrolls
 b - a scroll of vulnerability {unknown}
 c - a scroll of poison {unknown}
 d - 2 scrolls of immolation {unknown}
 f - 4 scrolls of identify {unknown}
 h - a scroll of noise {unknown}
 k - a scroll of enchant armour {unknown}
Potions
 a - a potion of lignification


   Skills:
 - Level 1.1 Fighting
 - Level 1.7 Dodging
 + Level 4.2 Unarmed Combat
 - Level 3.0 Spellcasting
 + Level 3.4 Transmutations


You had 4 spell levels left.
You knew the following spells:

 Your Spells              Type           Power      Damage    Failure   Level
a - Beastly Appendage     Tmut           24%        N/A       4%          1
b - Wereblood             Tmut           12%        N/A       8%          2
c - Spider Form           Tmut/Pois      7%         N/A       30%         3

Your spell library contained the following spells:

 Spells                   Type           Power      Damage    Failure   Level
 Dazzling Flash           Conj/Hex       4%         N/A       52%         3
 Ozocubu's Armour         Ice            2%         N/A       52%         3
 Ice Form                 Ice/Tmut       7%         N/A       69%         4
 Agony                    Necr           2%         N/A       99%         5
 Metabolic Englaciation   Hex/Ice        1%         N/A       99%         5
 Silence                  Hex/Air        1%         N/A       99%         5
 Simulacrum               Ice/Necr       1%         N/A       100%        6


Dungeon Overview and Level Annotations

Branches:
Dungeon (3/15)

Altars:


Innate Abilities, Weirdness & Mutations

You have temporarily grown beastly horns and talons.
Your plain brown scales are hard. (AC +5)
You cannot fit into any form of body armour.
You are cold-blooded and may be slowed by cold attacks.


Message History

You completely miss the scorpion. Your headbutt misses the scorpion.
You tail-slap the scorpion.
The scorpion is heavily wounded.
* * * LOW HITPOINT WARNING * * *
You feel very sick. The scorpion misses you.
You hit the scorpion.
Your tail-slap misses the scorpion.
The scorpion is heavily wounded.
* * * LOW HITPOINT WARNING * * *
You feel sick.
The scorpion stings you but does no damage.
It was a potion of magic.
Magic courses through your body.
* * * LOW HITPOINT WARNING * * *
You feel sick. The scorpion stings you.
* * * LOW HITPOINT WARNING * * *
The scorpion stings you.
* * * LOW HITPOINT WARNING * * *
Unknown command.
It was a potion of attraction.
You feel attractive to monsters.
* * * LOW HITPOINT WARNING * * *
You feel sick. The scorpion barely misses you.
Unknown command.
Unknown command.
You hit the scorpion but do no damage. You claw the scorpion.
The scorpion is heavily wounded.
* * * LOW HITPOINT WARNING * * *
You feel sick. The scorpion barely misses you.
Unknown command.
You hit the scorpion. Your kick misses the scorpion.
Your punch misses the scorpion.
The scorpion is severely wounded.
* * * LOW HITPOINT WARNING * * *
You feel sick.
The scorpion stings you but does no damage.
Unknown command.
You hit the scorpion. Your headbutt misses the scorpion.
Your punch misses the scorpion.
The scorpion is almost dead.
You die...

#.# ##.####
#+###+#.....#######
#.....#............
##..###.#######
##..## #.# ###..##
#.# ##...## #.#
#.@### ###.### #s##
#.....#
#.#######.....#
>.............#####
..#######...........
#.. #.##........ #..
#.##........ #..
#...........
######...)....


You could see a scorpion.

Vanquished Creatures
  2 orc priests (D:3)
  Robin (D:3)
  6 orcs (D:3)
  3 ball pythons
  6 endoplasms
  3 giant cockroaches (D:1)
  14 goblins
  A hobgoblin (D:3)
  2 quokkas
  5 bats
  2 frilled lizards (D:1)
  6 kobolds
  4 rats
55 creatures vanquished.

Notes
Turn   | Place    | Note
-------+----------+-------------------------------------------
     0 | D:1      | growler the Draconian Transmuter began the quest for the
                  | Orb.
     0 | D:1      | Reached XP level 1. HP: 16/16 MP: 3/3
   305 | D:1      | Reached XP level 2. HP: 17/23 MP: 3/5
  1061 | D:2      | Identified the +7 plate armour of Complete Protection {Harm
                  | rPois Int-5 Dex+6}
  1517 | D:2      | Reached XP level 3. HP: 28/28 MP: 6/6
  1520 | D:2      | Learned a level 2 spell: Wereblood
  1524 | D:2      | Learned a level 3 spell: Spider Form
  1595 | D:2      | Found the +4 dagger "Morg" {pain, Will+ Int+5}
  1714 | D:2      | Found a faded altar of an unknown god.
  1833 | D:3      | Noticed Robin
  1873 | D:3      | Killed Robin
  2134 | D:3      | Reached XP level 4. HP: 34/35 MP: 5/8
  2146 | D:3      | Reached skill level 4 in Unarmed Combat
  2168 | D:3      | Reached XP level 5. HP: 35/40 MP: 6/9
  2280 | D:3      | HP: 2/40 [poisoned by a scorpion]
  2282 | D:3      | Succumbed to a scorpion's poison

Illustrated notes

Levels and vault maps discovered:
D:1:      dpeg_arrival_leaves_temple_mockup, layout_basic
D:2:      layout_loops_ring, hellmonk_ecumenical_altar_inner_sanctum
D:3:      layout_basic, lemuel_round_altar, mainiacjoe_overflow_six_doors_small,
          uniq_robin

Skill      XL: |  1  2  3  4 |
---------------+-------------+-----
Transmutations | 3 |  3.4
Unarmed Combat | 4 |  4.2
Spellcasting   | 3 |  3.0
Fighting       | |  1.1
Dodging        | |  1.7

Action                   |  1- 3 |  4- 6 || total
-------------------------+-------+-------++-------
Melee: Unarmed           |   125 |    38 ||   163
       Tailslap          |    13 |     1 ||    14
       Punch             |     3 |     2 ||     5
       Kick              |     3 |     5 ||     8
       Headbutt          |     1 |     2 ||     3
 Cast: Beastly Appendage |     3 |     1 ||     4
       Wereblood         |     2 |       ||     2
  Use: Potion            |       |     2 ||     2
 Stab: Distracted        |     1 |       ||     1
Armor: Skin              |    39 |    10 ||    49
Dodge: Dodged            |    69 |    24 ||    93
